 Seeded DCSS version 0.31-a0-986-g5e6e4ef867 (webtiles) character file.

Game seed: 383031706015121972 (custom seed)

43824 timneilson the Grappler (level 14, -3/99 HPs)
             Began as an Octopode Shapeshifter on Nov 12, 2023.
             Was an Initiate of Gozag.
             Slain by a phantasmal warrior (33 damage)
             ... on level 5 of the Lair of Beasts.
             The game lasted 00:46:02 (18867 turns).

timneilson the Grappler (Octopode Shapeshifter)    Turns: 18867, Time: 00:46:03

Health: -3/99      AC:  7    Str: 20    XL:     14   Next: 26%
Magic:  24/24      EV: 31    Int: 24    God:    Gozag
Gold:   982        SH:  0    Dex: 21    Spells: 21/26 levels left

rFire   + .          .
                       - Unarmed
rCold   + . .        (shield currently unavailable)
rNeg    . . .        (helmet restricted)
rPois   +            O - amulet of regeneration
rElec   +            e - ring of flight
rCorr   .            n - +5 ring of evasion
SInv    +            w - +5 ring of evasion
Will    +....        z - ring "Yrgher" {rElec rPois Int+6 Dex+2}
Stlth   +++          x - ring of willpower
HPRegen 1.16/turn    s - ring "Ciytuuwu" {rF+ rC+ Str+3 Int+6 SInv}
MPRegen 0.19/turn    F - +6 ring of protection
                     H - +6 ring of dexterity

%: no passive effects
@: flux-form, weak-willed, flying, glowing
A: glow, contaminating, almost no armour, amphibious, 8 rings, camouflage 1,
gelatinous body 1, (nimble swimmer 1), tentacles
a: Begin Untransformation, Renounce Religion, Potion Petition, Call Merchant,
Bribe Branch


You were on level 5 of the Lair of Beasts.
You worshipped Gozag.
Gozag was pleased with you.
You were something dangerously unstable.
You visited 3 branches of the dungeon, and saw 17 of its levels.
You also visited: Sewer and Gauntlet.

You collected 4471 gold pieces.
You spent 2671 gold pieces at shops.
You paid 818 gold pieces to Gozag.

Inventory:

Missiles
 P - a throwing net
Armour
 G - a +0 buckler
Jewellery
 e - a ring of flight (left tentacle)
 h - the ring "Unolunn" {rElec rPois rN+ Will+ Str-2}
   (You found it in a Gauntlet)

   [ring of positive energy]

   Str-2:     It affects your strength (-2).
   rElec:     It insulates you from electricity.
   rPois:     It protects you from poison rN+: It protects you from negative
   energy.
   Will+:     It increases your willpower.
 n - a +5 ring of evasion (right tentacle)
 s - the ring "Ciytuuwu" (on tentacle) {rF+ rC+ Str+3 Int+6 SInv}
   (You acquired it on level 10 of the Dungeon)

   [ring of intelligence]

   Str+3:     It affects your strength (+3).
   Int+6:     It affects your intelligence (+6).
   rF+:       It protects you from fire.
   rC+:       It protects you from cold.
   SInv:      It lets you see invisible.
 w - a +5 ring of evasion (on tentacle)
 x - a ring of willpower (on tentacle)
 z - the ring "Yrgher" (on tentacle) {rElec rPois Int+6 Dex+2}
   (You bought it in a shop on level 1 of the Dungeon)

   [ring of intelligence]

   Int+6:     It affects your intelligence (+6).
   Dex+2:     It affects your dexterity (+2).
   rElec:     It insulates you from electricity.
   rPois:     It protects you from poison
 F - a +6 ring of protection (on tentacle)
 H - a +6 ring of dexterity (on tentacle)
 J - a +5 ring of evasion
 M - a ring of protection from fire
 O - an amulet of regeneration (around mantle)
Talismans
 b - a beast talisman
 c - a flux talisman (active)
 p - a blade talisman
Wands
 A - a wand of iceblast (7)
 D - a wand of polymorph (4)
 E - a wand of digging (7)
 Q - a wand of charming (6)
Scrolls
 f - a scroll of enchant armour
 l - 10 scrolls of teleportation
 o - 2 scrolls of amnesia
 t - a scroll of butterflies
 u - a scroll of revelation
 v - 2 scrolls of enchant weapon
 y - 8 scrolls of identify
 K - a scroll of brand weapon
 L - 2 scrolls of silence
 N - a scroll of torment
Potions
 a - 4 potions of lignification
 d - a potion of magic
 g - 5 potions of curing
 j - 3 potions of mutation
 k - 6 potions of attraction
 m - 2 potions of enlightenment
 q - 3 potions of brilliance
 r - 2 potions of invisibility
 B - 2 potions of might
 C - 2 potions of cancellation
 I - 2 potions of heal wounds
Miscellaneous
 i - a phantom mirror


   Skills:
 * Level 10.2 Fighting
 * Level 10.4 Dodging
 + Level 10.6 Stealth
 + Level 4.0 Shields
 * Level 10.7 Unarmed Combat
 + Level 6.6 Spellcasting
 - Level 5.0 Translocations
 + Level 7.5 Evocations
 * Level 9.9 Shapeshifting


You had 21 spell levels left.
You knew the following spells:

 Your Spells              Type           Power      Damage    Failure   Level
a - Lesser Beckoning      Tloc           64%        N/A       1%          2
b - Gell's Gravitas       Tloc           32%        N/A       2%          3

Your spell library contained the following spells:

 Spells                   Type           Power      Damage    Failure   Level
 Teleport Other           Tloc           32%        N/A       2%          3
 Magic Dart               Conj           32%        1d4       8%          1
 Necrotise                Necr           32%        1d5       8%          1
 Sandblast                Erth           16%        2d6       8%          1
 Summon Small Mammal      Summ           32%        N/A       8%          1
 Searing Ray              Conj           16%        2d5       11%         2
 Wereblood                Tmut           8%         N/A       11%         2
 Call Canine Familiar     Summ           8%         N/A       22%         3
 Stone Arrow              Conj/Erth      16%        3d8       22%         3
 Summon Guardian Golem    Hex/Summ       8%         N/A       22%         3
 Vampiric Draining        Necr           8%         2d6       22%         3
 Fulminant Prism          Conj/Hex       4%         3d5       58%         4
 Agony                    Necr           8%         N/A       90%         5
 Borgnjor's Vile Clutch   Necr/Erth      4%         N/A       90%         5
 Irradiate                Conj/Tmut      4%         3d13      90%         5
 Lehudib's Crystal Spear  Conj/Erth      4%         10d3      100%        8


Dungeon Overview and Level Annotations

Branches:
Dungeon (11/15)            Temple (1/1) D:5            Lair (5/5) D:11
 Shoals (0/4) Lair:3        Snake (0/4) Lair:2        Slime (0/5) Lair:4
    Orc (0/2) D:10          Sewer (visited)         Gauntlet (visited)

Altars:
Ashenzari
Cheibriados
Dithmenos
Elyvilon
Fedhas
Gozag
Hepliaklqana
Kikubaaqudgha
Makhleb
Nemelex Xobeh
Okawaru
Qazlal
Ru
Sif Muna
Trog
Uskayaw
Vehumet
Wu Jian
Xom
Yredelemnul
Zin
The Shining One

Shops:
D:1 =   D:3 (   D:4 :(?:*   D:7 [   Lair:2 =

Annotations:
Lair:2 exclusion: oklob plant
Lair:3 2 transporters


Innate Abilities, Weirdness & Mutations

You are something dangerously unstable.
You glow with magical radiation, making you easy to see and hit.
Foes you strike become dangerously contaminated with magical radiation.
You are incapable of wielding weapons or throwing items.
You cannot wear most types of armour.
You are amphibious.
You can wear up to eight rings at the same time.
Your skin changes colour to match your surroundings (Stealth+).
Your rubbery body absorbs attacks. (AC +1, EV +1)
((You are camouflaged when in or above water. (Stealth+)))
You have tentacles for arms and can constrict up to eight enemies at once.


Message History

Found a book of the Hunter.
Found a human skeleton.
Press: ? - help, v - describe, . - travel, g - get item Item here: a book of the Hunter.
The floor.
You reach down and open the door.
There is an open translucent door here.
The phantasmal warrior misses you.
You tentacle-slap the phantasmal warrior.
The phantasmal warrior begins to glow.
The phantasmal warrior is lightly damaged.
The phantasmal warrior hits you!!
Your willpower is stripped away!
You tentacle-slap the phantasmal warrior.
The phantasmal warrior glows dangerously bright.
The phantasmal warrior is lightly damaged.
The phantasmal warrior hits you!
You tentacle-slap the phantasmal warrior.
The phantasmal warrior shudders as magic cascades through it!!
The phantasmal warrior is severely damaged.
The phantasmal warrior completely misses you.
You closely miss the phantasmal warrior.
The phantasmal warrior is heavily damaged.
You closely miss the phantasmal warrior.
The phantasmal warrior is heavily damaged.
The phantasmal warrior hits you!
You bludgeon the phantasmal warrior!
The phantasmal warrior begins to glow.
The phantasmal warrior is severely damaged.
The phantasmal warrior misses you.
You tentacle-slap the phantasmal warrior.
The phantasmal warrior glows dangerously bright.
You squeeze the phantasmal warrior, but do no damage.
The phantasmal warrior is almost destroyed.
The phantasmal warrior hits you!!
* * * LOW HITPOINT WARNING * * *
You tentacle-slap the phantasmal warrior.
The phantasmal warrior shudders as magic cascades through it.
The phantasmal warrior is almost destroyed.
The phantasmal warrior hits you!!
You die...
Your body crumbles into a pile of gold.

#..........
#~.......##
$~........#
~~.<.....# #~.....♣.♣
#~...♣♣♣ ~...♣♣ ♣♣♣♣
~~..♣♣ ##########..♣
#....♣ #..'pW.:.#§§♣
~....♣ +..#.÷...#..♣
♣♣ ~~...♣
#..#######§.♣♣♣.♣
.....♣
#..'.....#.§♣..♣♣
#~...♣
#..#.....'§♣....♣♣
#~..♣♣
#..#.....#§§§♣♣♣.♣ .
.~..♣♣
#..#.....#..§♣♣.♣♣ ..
.....♣
##########..♣♣.♣♣♣...
.....♣♣ ♣♣♣♣♣♣......


You could see a phantasmal warrior.

Vanquished Creatures
  A minotaur (Gauntlet)
  Josephine (Lair:3)
  An entropy weaver (Gauntlet)
  Fannar (Lair:2)
  A hydra (Lair:4)
  Harold (Lair:2)
  Erolcha (D:11)
  2 boulder beetles
  A two-headed ogre (D:9)
  8 death yaks
  A skyshark (Lair:1)
  A fire crab (Gauntlet)
  Lodul (D:11)
  An ugly thing (D:11)
  3 black mambas
  An elephant (Lair:4)
  Joseph (D:7)
  A torpor snail (Lair:4)
  Maggie (Lair:2)
  Jeremiah (D:6)
  12 cane toads
  2 rime drakes (Lair:3)
  2 unseen horrors
  5 komodo dragons
  2 trolls (D:11)
  4 polar bears
  2 hornets
  2 dream sheep (Lair:5)
  17 blink frogs
  Sigmund (D:6)
  7 wyverns
  5 fire bats (Gauntlet)
  49 yaks
  A shadow (D:10)
  4 basilisks
  5 wraiths
  2 redbacks (Gauntlet)
  A steam dragon (Lair:3)
  Grum (D:11)
  Menkaure (D:6)
  2 acid dragons
  2 nagas (Lair:2)
  7 water moccasins
  2 hell hounds (Gauntlet)
  4 ice beasts
  3 orc warriors
  A black bear (D:6)
  8 ogres
  2 centaurs
  12 wolves
  A boggart (D:10)
  A phantom (D:7)
  6 kobold brigands
  12 bullfrogs
  5 scorpions
  A hornet simulacrum (D:8)
  9 killer bees (D:9)
  4 electric eels
  5 jellies
  3 orc priests
  Crazy Yiuf (D:4)
  2 gnoll boudas
  2 iguanas (D:6)
  5 orc wizards
  A killer bee simulacrum (D:8)
  8 gnolls
  10 adders
  A river rat (D:5)
  3 white imps (D:7)
  A howler monkey simulacrum (D:8)
  4 ufetubi
  2 worms (D:4)
  2 dart slugs
  17 orcs
  5 bats
  9 endoplasms
  4 giant cockroaches
  9 goblins
  10 hobgoblins
  4 jackals (D:1)
  3 quokkas
  8 ball pythons
  11 frilled lizards
  36 kobolds
  9 rats
412 creatures vanquished.

Notes
Turn   | Place    | Note
-------+----------+-------------------------------------------
     0 | D:1      | timneilson the Octopode Shapeshifter began the quest for
                  | the Orb.
     0 | D:1      | Reached XP level 1. HP: 13/13 MP: 1/1
   213 | D:1      | Reached XP level 2. HP: 17/18 MP: 2/2
   415 | D:1      | Found Deshragru's One-of-a-Kind Rings.
   616 | D:1      | Reached XP level 3. HP: 23/23 MP: 3/3
   998 | D:2      | Reached skill level 1 in Stealth
  1091 | D:2      | You fall into a shaft and drop 1 floor!
  1201 | D:2      | Reached XP level 4. HP: 29/29 MP: 5/5
  1892 | D:3      | Found Syunath's Weapon Shoppe.
  2436 | D:4      | Found Koashrete's Assorted Antiques.
  2844 | D:4      | Noticed a scorpion
  2846 | D:4      | Found Siosuxedgh's Book Shop.
  2850 | D:4      | Found Maohots's Magic Scroll Boutique.
  2853 | D:4      | Killed a scorpion
  2854 | D:4      | Reached skill level 1 in Spellcasting
  2854 | D:4      | Reached XP level 5. HP: 31/35 MP: 6/6
  3070 | D:4      | Found Obynk's Book Emporium.
  3271 | D:4      | Noticed a +0 triple crossbow
  3273 | D:4      | Found Edeygrul's Weapon Shop.
  3274 | D:4      | Noticed a +0 demon blade
  3290 | D:4      | Learned a level 2 spell: Lesser Beckoning
  3294 | D:4      | Learned a level 3 spell: Gell's Gravitas
  3364 | D:4      | Found a runed translucent door.
  3365 | D:4      | Noticed Crazy Yiuf
  3408 | D:5      | Entered Level 5 of the Dungeon
  3436 | D:5      | Found a staircase to the Ecumenical Temple.
  3437 | D:5      | Noticed a centaur
  3445 | Temple   | Entered the Ecumenical Temple
  3451 | Temple   | Became a worshipper of Gozag Ym Sagoz the Greedy
  3501 | D:5      | Found a glowing drain.
  3533 | Sewer    | Entered a sewer
  3880 | Sewer    | Reached XP level 6. HP: 36/41 MP: 7/7
  4173 | D:5      | Reached skill level 1 in Translocations
  4173 | D:5      | Reached XP level 7. HP: 3/46 MP: 9/9
  4485 | D:5      | Found a shimmering altar of Xom.
  4547 | D:5      | Found a radiant altar of Vehumet.
  5031 | D:6      | Noticed Sigmund
  5035 | D:6      | Reached XP level 8. HP: 54/54 MP: 9/11
  5072 | D:6      | Killed Sigmund
  5073 | D:6      | Reached skill level 5 in Unarmed Combat
  5079 | D:6      | Reached skill level 1 in Evocations
  5270 | D:6      | Noticed Menkaure
  5275 | D:6      | Killed Menkaure
  5306 | D:6      | Noticed a wyvern
  5398 | D:6      | Found a shadowy altar of Dithmenos.
  5401 | D:6      | Found an iron altar of Okawaru.
  5406 | D:6      | Found an ancient bone altar of Kikubaaqudgha.
  5704 | D:6      | Killed a wyvern
  5705 | D:6      | Reached skill level 5 in Shapeshifting
  5864 | D:4      | Bought 3 scrolls of identify for 60 gold pieces
  5920 | D:4      | Killed Crazy Yiuf
  6073 | D:7      | Noticed Jeremiah
  6082 | D:6      | Killed Jeremiah
  6083 | D:6      | Reached skill level 5 in Dodging
  6083 | D:6      | Reached XP level 9. HP: 49/59 MP: 11/13
  6087 | D:7      | Noticed a hornet
  6142 | D:7      | Found Quwkyrchu's Antique Armour Emporium.
  6375 | D:7      | Reached skill level 5 in Stealth
  6447 | D:7      | Reached skill level 5 in Fighting
  6462 | D:7      | Noticed Joseph
  6472 | D:7      | Killed Joseph
  6477 | D:7      | Found a glowing golden altar of the Shining One.
  6720 | D:6      | Killed a hornet
  6752 | D:7      | Identified the +3 leather armour of Ynoz {rN+}
  6770 | D:7      | Identified the +2 falchion of War {heavy, Stlth+}
  6904 | D:7      | Noticed a torpor snail
  6923 | D:7      | Found a snail-covered altar of Cheibriados.
  6923 | D:7      | Noticed a torpor snail
  6968 | D:7      | Noticed a torpor snail
  7132 | D:8      | Found Bedyobia's Book Boutique.
  7183 | D:8      | Reached XP level 10. HP: 42/68 MP: 15/15
  7757 | D:1      | Bought the ring "Yrgher" {rElec rPois Int+6 Dex+2} for 817
                  | gold pieces
  9272 | D:9      | Reached XP level 11. HP: 67/74 MP: 17/17
  9465 | D:9      | Noticed a two-headed ogre
  9481 | D:9      | Killed a two-headed ogre
 10032 | D:10     | Entered Level 10 of the Dungeon
 10761 | D:10     | Found a glowing silver altar of Zin.
 10773 | D:10     | Identified a scroll of acquirement
 10773 | D:10     | Acquired the ring "Ciytuuwu" {rF+ rC+ Str+3 Int+6 SInv}
 10825 | D:10     | Found a hide-covered altar of Uskayaw.
 11135 | D:10     | Reached skill level 5 in Evocations
 11264 | D:10     | Found a staircase to the Orcish Mines.
 11272 | D:10     | Identified the +1 flail of World's End {elec, rElec SInv}
 11433 | D:10     | Reached skill level 5 in Translocations
 11505 | D:10     | Found a sacrificial altar of Ru.
 11579 | Gauntlet | Identified the of Lyufe
 11658 | D:11     | Noticed Grum
 11670 | D:11     | Killed Grum
 11682 | D:11     | Found a gate leading to a gauntlet.
 11700 | Gauntlet | Entered a Gauntlet
 11700 | Gauntlet | Found a transporter.
 11708 | Gauntlet | Found a runed translucent gate.
 11709 | Gauntlet | Found a transporter.
 11709 | Gauntlet | Found a runed translucent gate.
 11710 | Gauntlet | Found a transporter.
 11711 | Gauntlet | Found a transporter.
 11712 | Gauntlet | Noticed a fire crab
 11714 | Gauntlet | Found a transporter.
 11715 | Gauntlet | Found a transporter.
 11723 | Gauntlet | Found a transporter.
 11724 | Gauntlet | Found a transporter.
 11731 | Gauntlet | Noticed an entropy weaver
 11741 | Gauntlet | Noticed a ghost crab
 11743 | Gauntlet | Found a transporter.
 11755 | Gauntlet | Found a transporter.
 11755 | Gauntlet | Found a transporter.
 11755 | Gauntlet | Noticed an entropy weaver
 11758 | Gauntlet | Found a transporter.
 11786 | Gauntlet | Killed a fire crab
 11822 | Gauntlet | Identified the ring "Unolunn" {rElec rPois rN+ Will+ Str-2}
 11930 | Gauntlet | Reached skill level 5 in Spellcasting
 11930 | Gauntlet | Reached XP level 12. HP: 64/82 MP: 19/19
 11936 | Gauntlet | Killed an entropy weaver
 11944 | Gauntlet | Identified the amulet "Xait" {RegenMP Harm rElec Will+
                  | Str-3}
 12050 | Gauntlet | Noticed a minotaur
 12059 | Gauntlet | HP: 4/82 [minotaur/staff of conjuration (4)]
 12062 | Gauntlet | Killed a minotaur
 12067 | Gauntlet | Identified the +1 cloak of Dipafih {Harm *Slow Regen+
                  | rCorr}
 12747 | D:1      | Bought a +6 ring of protection for 1092 gold pieces
 13085 | D:11     | Noticed Lodul
 13103 | D:11     | Killed Lodul
 13324 | D:11     | Found a staircase to the Lair.
 13608 | D:11     | Noticed Erolcha
 13636 | D:11     | Killed Erolcha
 13826 | D:11     | Noticed a boulder beetle
 13837 | D:11     | Killed a boulder beetle
 14232 | Lair:1   | Entered Level 1 of the Lair of Beasts
 14277 | D:11     | Reached skill level 1 in Shields
 14576 | D:4      | Bought a potion of heal wounds for 120 gold pieces
 14576 | D:4      | Bought a scroll of teleportation for 72 gold pieces
 15200 | Lair:1   | Noticed a boulder beetle
 15258 | Lair:1   | Reached XP level 13. HP: 76/90 MP: 21/21
 15358 | Lair:1   | Identified the +2 robe of Idealism {Regen+ Int-3 Archmagi}
 15952 | Lair:2   | You are sucked into a shaft and drop 1 floor!
 15952 | Lair:3   | Identified the "Ytsintoi"
 16009 | Lair:3   | Found a transporter.
 16048 | Lair:3   | Found a transporter.
 16122 | Lair:3   | Found a staircase to the Shoals.
 16150 | Lair:2   | Noticed Maggie
 16160 | Lair:2   | Killed Maggie
 16244 | Lair:2   | Noticed Fannar
 16274 | Lair:2   | Killed Fannar
 16540 | Lair:2   | Bought an amulet of regeneration for 510 gold pieces
 16555 | Lair:2   | Noticed Harold
 16576 | Lair:2   | Killed Harold
 16577 | Lair:2   | Reached skill level 10 in Unarmed Combat
 16632 | Lair:2   | Found a staircase to the Snake Pit.
 17186 | Lair:3   | Reached skill level 10 in Stealth
 17352 | Lair:3   | Noticed Josephine
 17366 | Lair:3   | Killed Josephine
 17982 | Lair:4   | Reached skill level 10 in Dodging
 18018 | Lair:4   | Reached skill level 10 in Fighting
 18018 | Lair:4   | Reached XP level 14. HP: 96/99 MP: 23/23
 18028 | Lair:4   | Found a staircase to the Slime Pits.
 18677 | Lair:5   | Entered Level 5 of the Lair of Beasts
 18854 | Lair:5   | Found a runed translucent door.
 18867 | Lair:5   | Slain by a phantasmal warrior

Illustrated notes

Levels and vault maps discovered:
D:1:      minmay_arrival_arboretum_small, layout_basic,
          nicolae_shop_unique_rings
D:2:      layout_basic
D:3:      layout_basic, serial_shops, shop
D:4:      cheibrodos_greedy_goblins, layout_loops_ring, serial_shops, shop,
          nicolae_shop_just_a_little_nook, nicolae_shop_mannequins, shop, shop,
          uniq_crazy_yiuf_cottage
D:5:      layout_basic, mainiacjoe_overflow_catch_the_wave,
          minmay_temple_entry_waves, portal_sewer_entry_b,
          kennysheep_generic_room_4
D:6:      wander_river, layout_cave_pools, grunt_temple_overflow_diamond,
          uniq_sigmund, uniq_menkaure
D:7:      layout_rooms, cheibriados_altar_2, nicolae_tso_swordbearing_angel,
          nicolae_inconvenience_store, uniq_jeremiah, uniq_joseph
D:8:      layout_rooms, serial_shops, nicolae_shop_tiny_glass, serial_ice,
          serial_ice_e, serial_ice_m, serial_ice_k, serial_ice_a
D:9:      layout_loops_corners
D:10:     layout_small_grid, zin_scriptorium, nicolae_ru_the_path_less_chosen,
          eat_drink_and_be_merry_uskayaw, orc_0_dummy, nrook_mini_backslash,
          minmay_microvault
D:11:     layout_basic, erik_lair_dragon, gauntlet_entry_generic, uniq_grum,
          uniq_lodul, uniq_erolcha
Temple:   hellmonk_temple_two_chambers
Lair:1:   layout_small_grid, wad_woods_river_01, serial_bayou_shore_a
Lair:2:   layout_loops_ring, guppyfry_snake_entry_garden, uniq_fannar,
          uniq_maggie, uniq_harold
Lair:3:   gammafunk_cloud_chamber, layout_regular_city, shoals_dummy_entry,
          uniq_josephine
Lair:4:   layout_roguey, slime_entry_1, infiniplex_staircase_pool
Lair:5:   gammafunk_lair_ancient_temple, layout_regular_city,
          pdpol_lair_cabin_in_the_woods

Skill      XL: |  1  2  3  4  5  6  7  8  9 10 11 12 13 14 |
---------------+-------------------------------------------+-----
Stealth        | 1 2 3 4 5 6 8 9 10 | 10.6
Fighting       | 2 3 4 5 6 7 9 10 | 10.2
Spellcasting   | 1 2 3 4 5 6 |  6.6
Dodging        | 3 4 5 6 8 9 10 | 10.4
Unarmed Combat | 4 5 6 7 8 9 10 | 10.7
Shapeshifting  | 4 5 6 7 8 9 |  9.9
Translocations | 1 2 3 4 5 |  5.0
Evocations     | 2 3 4 5 6 7 |  7.5
Shields        | 1 3 4 |  4.0

Action                     |  1- 3 |  4- 6 |  7- 9 | 10-12 | 13-15 || total
---------------------------+-------+-------+-------+-------+-------++-------
  Melee: Unarmed           |    59 |   128 |   145 |   653 |   410 ||  1395
         Constrict         |    16 |    33 |    30 |    84 |    54 ||   217
         Tentacles         |     8 |    30 |    50 |   191 |   172 ||   451
         Punch             |       |     3 |    10 |     9 |       ||    22
   Cast: Lesser Beckoning  |       |       |       |     1 |       ||     1
 Invoke: Call Merchant     |       |       |       |       |     1 ||     1
  Evoke: Wand              |       |       |       |     5 |       ||     5
    Use: Scroll            |     3 |    10 |     7 |     5 |     2 ||    27
         Potion            |       |       |     2 |    10 |       ||    12
   Stab: Sleeping          |    11 |    12 |     5 |     5 |     6 ||    39
         Distracted        |       |     1 |     2 |     1 |     4 ||     8
 Armour: Skin              |    21 |    33 |    47 |   177 |    85 ||   363
  Dodge: Dodged            |    37 |    46 |   123 |   628 |   311 ||  1145
   Form: Flux              |       |       |       |     1 |       ||     1

Table legend: (Time is in decaauts)
 A = Elapsed time spent in this place.
 B = Non-inter-level travel time spent in this place.
 C = Inter-level travel time spent in this place.
 D = Time resting spent in this place.
 E = Time spent auto-exploring this place.
 F = Levels seen in this place.
 G = Mean time per level.
                   A        B        C        D        E       F      G
               +--------+--------+--------+--------+--------+-----+--------+
         Total |  18693 |  16736 |   1957 |   2033 |   9767 |  19 |  983.8 |
       Dungeon |  13839 |  12015 |   1824 |   1743 |   6986 |  11 | 1258.1 |
        Temple |     12 |      7 |      5 |      0 |      0 |   1 |   12.0 |
          Lair |   4076 |   3948 |    128 |    116 |   2485 |   5 |  815.2 |
         Sewer |    413 |    413 |      0 |      0 |    296 |   1 |  413.0 |
      Gauntlet |    351 |    351 |      0 |    174 |      0 |   1 |  351.0 |
               +--------+--------+--------+--------+--------+-----+--------+

Top non-repeatable levels by time:
    D:11: 2168 daAuts
     D:9: 1906 daAuts
     D:4: 1389 daAuts
     D:8: 1264 daAuts
  Lair:1: 1205 daAuts
     D:5: 1191 daAuts
     D:1: 1143 daAuts
     D:6: 1062 daAuts
     D:7: 1041 daAuts
    D:10: 1011 daAuts
  Lair:3: 971 daAuts
  Lair:2: 915 daAuts
     D:3: 855 daAuts
  Lair:4: 812 daAuts
     D:2: 804 daAuts
